 Dungeon Crawl Stone Soup version 0.20.0-10-g0535bb4 (webtiles) character file.

359 pib the Conjurer (level 6, 0/35 HPs)
             Began as a Tengu Fire Elementalist on June 4, 2017.
             Killed from afar by Fenrir042's ghost (8 damage)
             ... with a magic dart
             ... on level 4 of the Dungeon on June 6, 2017.
             The game lasted 00:13:21 (3543 turns).

pib the Conjurer (Tengu Fire Elementalist)          Turns: 3543, Time: 00:13:21

Health: 0/35       AC:  2    Str:  8    XL:     6   Next: 65%
Magic:  1/11       EV: 13    Int: 17    God:
Gold:   172        SH:  0    Dex: 15    Spells: 3/11 levels left

rFire    . . .     SeeInvis .   r - +0 spear
rCold    . . .     Gourm    +   (no shield)
rNeg     . . .     Faith    .   a - +0 robe
rPois    .         Spirit   .   (helmet restricted)
rElec    .         Reflect  .   (no cloak)
rCorr    .         Harm     .   (no gloves)
MR       .....                  (boots unavailable)
Stlth    ++........             o - amulet of the gourmand
Regen    0.2/turn               (no ring)
MPRegen  0.2/turn               (no ring)

@: no status effects
A: beak, talons 3, able to fly 1
a: Fly


You were on level 4 of the Dungeon.
You were not hungry.

You visited 1 branch of the dungeon, and saw 4 of its levels.

You collected 172 gold pieces.

Inventory:

Hand Weapons
 f - a +0 dagger
 r - a +0 spear (weapon)
Missiles
 e - 112 stones (quivered)
 u - 8 javelins
 F - 17 poisoned needles
Armour
 a - a +0 robe (worn)
 i - a +0 leather armour
Jewellery
 o - an amulet of the gourmand (around neck)
 y - an uncursed amulet of faith
Scrolls
 d - 2 scrolls of random uselessness {unknown}
 h - 3 scrolls of identify
 j - a scroll of remove curse {unknown}
 k - 2 scrolls of fear {unknown}
 l - 2 scrolls of recharging {unknown}
 m - a scroll of teleportation {unknown}
 s - a scroll of fog {unknown}
 t - a scroll of amnesia {unknown}
 w - a scroll of immolation {unknown}
Potions
 g - a potion of magic {unknown}
 n - a potion of berserk rage {unknown}
 p - 3 potions of curing {unknown}
 q - a potion of agility {unknown}
 x - a potion of haste {unknown}
 z - a potion of heal wounds {unknown}
 A - a potion of cancellation {unknown}
 C - a potion of mutation {unknown}
 D - a potion of lignification {unknown}
 E - 2 potions of flight {unknown}
Books
 b - a book of Flames

   Spells                             Type                      Level
   a - Flame Tongue                   Conjuration/Fire             1
   b - Throw Flame                    Conjuration/Fire             2
   c - Conjure Flame                  Conjuration/Fire             3
   d - Inner Flame                    Hexes/Fire                   3
   e - Sticky Flame                   Conjuration/Fire             4
   f - Fireball                       Conjuration/Fire             5
Comestibles
 c - a bread ration
 v - 2 royal jellies
 B - a meat ration


   Skills:
 + Level 2.2 Fighting
 - Level 2.1 Dodging
 + Level 2.5 Stealth
 - Level 3.0 Spellcasting
 - Level 5.2 Conjurations
 - Level 5.0 Fire Magic


You had 3 spell levels left.
You knew the following spells:

 Your Spells              Type           Power        Failure   Level  Hunger
a - Flame Tongue          Conj/Fire      ###..        2%          1    None
b - Conjure Flame         Conj/Fire      ###.....     6%          3    ###....
c - Sticky Flame          Conj/Fire      ###.....     22%         4    ####...


Dungeon Overview and Level Annotations

Branches:
Dungeon (4/15)
 Temple: D:4-7

Altars:
Yredelemnul

Annotations:
D:3 Sigmund
D:4 Fenrir042's ghost, amateur DsWz


Innate Abilities, Weirdness & Mutations

You have a beak for a mouth.
You have claws for feet.
You can fly.


Message History

Fenrir042's ghost is severely damaged.
Attack whom?
Press: ? - help, Dir - move target cursor, f/p - Fenrir042's ghost
Aim: Fenrir042's ghost (severely damaged)
You reach to attack!
You hit Fenrir042's ghost.
Fenrir042's ghost is severely damaged.
Fenrir042's ghost points at you and mumbles some strange words.
The magic dart hits you!
You don't have enough magic at the moment.
Fenrir042's ghost whispers, "It is all a dream - a grotesque and foolish dream."
Fenrir042's ghost points at you and mumbles some strange words.
The magic dart hits you!
* * * LOW HITPOINT WARNING * * *
Fenrir042's ghost says, "The agents of utter destruction are not stopped by death."
There is an open door here.
You close the door.
Fenrir042's ghost opens the door.
Fenrir042's ghost points at you and mumbles some strange words.
The magic dart hits you!
You die...

#.#####.#########.
#.................
#.#####.##########
#.# ###.####### #
#.# #.......... #
#.# #.#.####### #
#.# #.#... # #.#
#......# #
#@########## #
#.......## #
####.....# #
#.....# # #.....#
# ####W## # #.# #
#.# # #.# #


You could see Fenrir042's ghost.

Vanquished Creatures
  An ogre (D:4)
  A hound (D:4)
  A bullfrog skeleton (D:4)
  3 worker ants (D:4)
  3 gnolls (D:2)
  3 adders
  2 oozes
  2 worms
  2 dart slugs
  2 leopard geckos (D:3)
  7 bats
  16 giant cockroaches
  6 hobgoblins
  3 jackals (D:4)
  3 frilled lizards
  8 goblins
  6 kobolds
  4 rats
73 creatures vanquished.

Notes
Turn   | Place    | Note
-------+----------+-------------------------------------------
     0 | D:1      | pib the Tengu Fire Elementalist began the quest for the Orb.
     0 | D:1      | Reached XP level 1. HP: 10/10 MP: 4/4
   220 | D:1      | Reached XP level 2. HP: 12/15 MP: 1/6
   661 | D:1      | Reached XP level 3. HP: 17/19 MP: 2/7
  1279 | D:2      | Learned a level 3 spell: Conjure Flame
  1360 | D:2      | Reached XP level 4. HP: 22/24 MP: 2/9
  2081 | D:3      | Learned a level 4 spell: Sticky Flame
  2097 | D:3      | Gained mutation: You can fly. [Tengu growth]
  2097 | D:3      | Reached XP level 5. HP: 25/28 MP: 6/10
  2109 | D:3      | Noticed Sigmund
  2381 | D:4      | Noticed an ogre
  2392 | D:4      | Killed an ogre
  2392 | D:4      | Reached skill level 5 in Fire Magic
  2481 | D:4      | Reached XP level 6. HP: 26/33 MP: 4/11
  2676 | D:4      | Reached skill level 1 in Fighting
  2676 | D:4      | Reached skill level 5 in Conjurations
  3177 | D:4      | Found a basalt altar of Yredelemnul.
  3484 | D:4      | Noticed Fenrir042's ghost (amateur DsWz)
  3543 | D:4      | Killed from afar by Fenrir042's ghost

Skill      XL: |  1  2  3  4  5  6 |
---------------+-------------------+-----
Conjurations   | 2 3 4 5 |  5.2
Fire Magic     | 4 5 |  5.0
Spellcasting   | 3 |  3.0
Fighting       | 2 |  2.2
Dodging        | |  2.1
Stealth        | |  2.5

Action                   |  1- 3 |  4- 6 || total
-------------------------+-------+-------++-------
Melee: Unarmed           |     4 |       ||     4
       Dagger            |     7 |       ||     7
       Peck              |     1 |     1 ||     2
       Kick              |     1 |       ||     1
       Spear             |       |     5 ||     5
 Cast: Flame Tongue      |    62 |    97 ||   159
       Conjure Flame     |       |     7 ||     7
  Use: Scroll            |       |     2 ||     2
  Eat: Chunk             |     2 |    13 ||    15
Armor: Robe              |    14 |     1 ||    15
Dodge: Dodged            |    31 |    15 ||    46
